 Dungeon Crawl Stone Soup version 0.30-a0-782-ge64f9170bb (webtiles) character file.

Game seed: 10964799868525643055

39435 NinjaNoafa the Transmogrifier (level 13, -7/114 HPs)
             Began as a White Draconian Monk on Feb 18, 2023.
             Was a High Priest of Wu Jian.
             Mangled by an ettin
             ... wielding a +0 dire flail
              (34 damage)
             ... on level 11 of the Dungeon on Feb 19, 2023.
             The game lasted 01:09:57 (14028 turns).

NinjaNoafa the Transmogrifier (DrMo)               Turns: 14028, Time: 01:09:57

Health: -7/114     AC: 12    Str: 16    XL:     13   Next: 69%
Magic:  18/22      EV: 15    Int: 13    God:    Wu Jian [*****.]
Gold:   725        SH:  5    Dex: 14    Spells: 17/24 levels left

rFire   + . .      SeeInvis .      - Unarmed
rCold   + . .      Faith    .    (shield currently unavailable)
rNeg    . . .      Spirit   .    (body armour unavailable)
rPois   .          Reflect  +    (helmet restricted)
rElec   .          Harm     .    w - +0 cloak
rCorr   .          Rampage  .    (gloves currently unavailable)
Will    .....                    C - +2 pair of boots
Stlth   +++                      N - amulet of reflection
HPRegen 0.39/turn                h - ring of protection from fire
MPRegen 0.18/turn                a - +4 ring of slaying

@: short of breath, blade hands, studying Fighting
A: breathe frost, AC +8, unfitting armour, cold resistance 1, cold-blooded
a: Breathe Frost, End Transformation, Renounce Religion, Wall Jump, Serpent's
Lash, Heavenly Storm


You were on level 11 of the Dungeon.
You worshipped Wu Jian.
Wu Jian was extremely pleased with you.
You had blades for hands.
You visited 4 branches of the dungeon, and saw 17 of its levels.

You collected 954 gold pieces.
You spent 229 gold pieces at shops.

Inventory:

Missiles
 p - 6 datura-tipped darts
 v - 40 poisoned darts
 L - 9 boomerangs
Armour
 w - a +0 cloak (worn)
 C - a +2 pair of boots (worn)
 U - a +1 pair of gloves (melded)
Jewellery
 a - a +4 ring of slaying (right blade hand)
 b - a +6 ring of intelligence
 c - a ring of willpower
 g - a ring of ice
 h - a ring of protection from fire (left blade hand)
 m - a ring of resist corrosion
 N - an amulet of reflection (around neck)
Wands
 t - a wand of polymorph (5)
 x - a wand of flame (12)
 O - a wand of iceblast (12)
Scrolls
 d - 2 scrolls of fear
 i - 2 scrolls of immolation
 j - a scroll of vulnerability
 k - 3 scrolls of magic mapping
 s - 3 scrolls of amnesia {unknown}
 y - a scroll of fog {unknown}
 D - a scroll of torment {unknown}
 I - 2 scrolls of enchant armour {unknown}
 J - 4 scrolls of poison {unknown}
Potions
 e - 4 potions of might
 l - 4 potions of heal wounds
 q - 8 potions of curing
 r - a potion of berserk rage
 u - 3 potions of attraction
 z - 5 potions of brilliance
 A - 3 potions of haste
 B - 5 potions of invisibility
 E - a potion of cancellation
 F - 2 potions of lignification
 G - 3 potions of flight
 H - 3 potions of mutation
 P - a potion of magic
Miscellaneous
 M - a lightning rod (4/4)
 Q - a tin of tremorstones (2/2)
 R - a phantom mirror (inert)
 S - a phial of floods
 T - a piece from Xom's chessboard (15/15)


   Skills:
 + Level 10.7 Fighting
 - Level 8.1 Dodging
 - Level 6.0 Stealth
 - Level 10.1 Unarmed Combat
 + Level 6.3 Spellcasting
 + Level 8.3 Translocations
 - Level 13.0 Transmutations
 - Level 7.0 Evocations


You had 17 spell levels left.
You knew the following spells:

 Your Spells              Type           Power      Damage    Failure   Level
a - Blade Hands           Tmut           18%        N/A       22%         5
b - Blink                 Tloc           50%        N/A       14%         2

Your spell library contained the following spells:

 Spells                   Type           Power      Damage    Failure   Level
 Lesser Beckoning         Tloc           50%        N/A       14%         2
 Gell's Gravitas          Tloc           25%        N/A       19%         3
 Teleport Other           Tloc           25%        N/A       19%         3
 Momentum Strike          Conj/Tloc      28%        3d8       32%         2
 Portal Projectile        Hex/Tloc       28%        N/A       43%         3
 Ice Form                 Ice/Tmut       21%        N/A       50%         4
 Magic Dart               Conj           16%        1d3       58%         1
 Cigotuvi's Dreadful Rot  Necr/Pois/Air  8%         N/A       69%         2
 Poisonous Vapours        Pois/Air       8%         N/A       69%         2
 Scorch                   Fire           8%         2d5       69%         2
 Searing Ray              Conj           8%         2d4       69%         2
 Hailstorm                Conj/Ice       4%         3d4       85%         3
 Mephitic Cloud           Conj/Pois/Air  4%         N/A       85%         3
 Tukima's Dance           Hex            4%         N/A       85%         3
 Flame Wave               Conj/Fire      4%         2d5       99%         4
 Fulminant Prism          Conj/Hex       2%         3d5       99%         4
 Summon Ice Beast         Ice/Summ       4%         N/A       99%         4
 Summon Mana Viper        Hex/Summ       4%         N/A       100%        5
 Simulacrum               Ice/Necr       2%         N/A       100%        6
 Summon Cactus Giant      Summ           2%         N/A       100%        6
 Monstrous Menagerie      Summ           2%         N/A       100%        7


Dungeon Overview and Level Annotations

Branches:
Dungeon (11/15)            Temple (1/1) D:5            Lair (4/5) D:11
  Swamp (0/4) Lair:2       Spider (0/4) Lair:2        Slime (0/5) Lair:4
    Orc (1/2) D:10

Altars:
Ashenzari
Cheibriados
Dithmenos
Hepliaklqana
Kikubaaqudgha
Qazlal
Ru
Vehumet
Wu Jian
Xom
Zin
The Shining One
Jiyva

Shops:
D:5 =?   D:10 [[[!


Innate Abilities, Weirdness & Mutations

You have blades for hands.
Your spellcasting is less reliable in this form.
You are incapable of wielding weapons or throwing items.
You can breathe waves of freezing cold which knock back foes.
Your icy white scales are hard. (AC +8)
You cannot fit into any form of body armour.
Your flesh is cold resistant. (rC+)
You are cold-blooded and may be slowed by cold attacks.


Message History

You exhale a wave of freezing cold.
The freezing breath hits the fire dragon!
The fire dragon is frozen!
The fire dragon is lightly wounded.
The fire dragon is knocked back by the freezing wind.
The fire dragon slams into the metal wall!
The fire dragon is lightly wounded.
You shred the fire dragon!!!
The fire dragon is severely wounded.
The fire dragon bites you! The fire dragon claws you.
You block the fire dragon's attack.
You hit the fire dragon.
The fire dragon is severely wounded.
The fire dragon barely misses you. The fire dragon claws you.
The fire dragon tramples you.
You hold your ground!
You slash the fire dragon!
The fire dragon is severely wounded.
The fire dragon completely misses you. The fire dragon claws you.
The fire dragon barely misses you.
You slice the fire dragon!!
The fire dragon is almost dead.
The fire dragon barely misses you. The fire dragon closely misses you.
The fire dragon barely misses you.
You shred the fire dragon!!!
You kill the fire dragon!
The Council accepts your kill.
The fire dragon scales are intact enough to wear.
An ettin comes into view. It is wielding two +0 dire flails.
The ettin shouts in stereo!
Things that are here:
+0 fire dragon scales; a fire dragon corpse You slash the ettin! x2
The ettin is moderately wounded.
The ettin hits you with a +0 dire flail!!!
* * * LOW HITPOINT WARNING * * *
The ettin hits you with a +0 dire flail!!
* * * LOW HITPOINT WARNING * * *
The ettin attacks as you move away! You block the ettin's attack.
The ettin hits you with a +0 dire flail!!
You die...

≈~###..#..............##.........
.......###............####.###.##
~###...###............# #....#
..............#.......# ####.#
#####..###.#..#.......# ##.# ##
...........#..#.####### #..# #.
#...#..#########.# #.#.# #.
....#..# #..#### ###.# ..
.......### ###@..# #.# #.
####.....# #...C#### #.# #.
≈...#....####### #.###.
..#............# #.....
..##...###.##'## #####.
.....#...#.#...# ### #.
>...≈#.........# #.# ###.
.....#...#.....###.# #...
..##...........#.#)# #.###.#.


You could see an ettin.

Vanquished Creatures
  The ghost of Ischil Seap the Cleaver, a journeyman DsFi of Qazlal (Lair:1)
  A fire dragon (D:11)
  Harold (Lair:1)
  The ghost of Poahonk the Grappler, a journeyman TrCK of Xom (Lair:1)
  A hydra (Lair:4)
  A centaur warrior (D:8)
  2 boulder beetles (D:11)
  2 two-headed ogres
  A death yak (Lair:4)
  A tengu warrior (D:8)
  The ghost of mistaj the Grappler, a novice TrMo of Gozag (D:7)
  A deep elf knight (D:11)
  A skyshark (Lair:3)
  Pikel (D:4)
  3 bog bodies (Lair:2)
  An orc knight (D:10)
  An ugly thing (D:11)
  2 deep elf pyromancers
  3 cyclopes
  A manticore (D:8)
  An oklob plant (D:11)
  6 elephants (Lair:2)
  7 cane toads
  4 black mambas
  A torpor snail (Lair:3)
  A spectral unseen horror (D:7)
  A cane toad (shapeshifter) (D:8)
  2 komodo dragons (Lair:4)
  A rime drake (Lair:1)
  An unseen horror skeleton (D:7)
  A troll (D:10)
  3 hornets
  A polar bear (Lair:4)
  Prince Ribbit (D:6)
  8 blink frogs
  A slime creature (D:8)
  2 shadows
  6 dream sheep (Lair:4)
  A jumping spider (Lair:2)
  7 wyverns
  A wraith (D:7)
  38 yaks
  2 basilisks
  A redback (Lair:2)
  2 steam dragons
  A swamp worm (Lair:2)
  12 water moccasins
  An acid dragon (D:8)
  3 orc warriors
  2 black bears
  An ice beast (D:8)
  2 sky beasts
  2 ogres
  2 lemures (D:4)
  8 centaurs
  2 kobold brigands
  10 bullfrogs
  9 wights
  5 killer bees
  7 electric eels
  5 howler monkeys
  2 spectral centaurs (D:7)
  Crazy Yiuf (D:6)
  3 orc priests
  5 jellies
  5 hounds
  A gnoll bouda (D:7)
  An iguana (D:7)
  4 orc wizards
  6 gnolls
  5 adders
  A white imp (D:8)
  An ufetubus (D:5)
  2 dart slugs
  21 orcs
  10 bats
  12 endoplasms
  3 giant cockroaches (D:4)
  11 goblins
  9 hobgoblins
  3 quokkas
  3 ball pythons
  4 frilled lizards
  15 kobolds
  6 rats
  A spectral orc (D:5)
334 creatures vanquished.

Vanquished Creatures (collateral kills)
  A hydra (Lair:4)
1 creature vanquished.

Vanquished Creatures (others)
  12 fungi
  44 plants
  6 withered plants (Lair:1)
62 creatures vanquished.

Grand Total: 397 creatures vanquished

Notes
Turn   | Place    | Note
-------+----------+-------------------------------------------
     0 | D:1      | NinjaNoafa the Draconian Monk began the quest for the Orb.
     0 | D:1      | Reached XP level 1. HP: 19/19 MP: 1/1
    21 | D:1      | Found a faded altar of an unknown god.
   148 | D:1      | Reached XP level 2. HP: 26/26 MP: 2/2
   443 | D:1      | Reached XP level 3. HP: 17/33 MP: 3/3
  1383 | D:3      | Reached XP level 4. HP: 32/40 MP: 4/4
  1622 | D:3      | Noticed a bullfrog
  1670 | D:3      | Killed a bullfrog
  1671 | D:3      | Reached XP level 5. HP: 42/46 MP: 5/5
  1802 | D:4      | Found a snail-covered altar of Cheibriados.
  2292 | D:4      | Noticed a lemure
  2292 | D:4      | Noticed a lemure
  2292 | D:4      | Noticed Pikel
  2308 | D:5      | Entered Level 5 of the Dungeon
  2308 | D:5      | Found Gonaof's Jewellery Shop.
  2330 | D:5      | Found Aprupag's Magic Scroll Shoppe.
  2345 | D:5      | Bought a scroll of identify for 22 gold pieces
  2345 | D:5      | Bought a scroll of identify for 22 gold pieces
  2350 | D:5      | Bought a scroll of noise for 11 gold pieces
  2350 | D:5      | Bought a scroll of blinking for 82 gold pieces
  2350 | D:5      | Bought a scroll of fear for 44 gold pieces
  2350 | D:5      | Bought a scroll of teleportation for 33 gold pieces
  2474 | D:5      | Found a staircase to the Ecumenical Temple.
  2482 | Temple   | Entered the Ecumenical Temple
  2489 | Temple   | Became a worshipper of the Wu Jian Council
  2489 | Temple   | Reached * piety under Wu Jian
  2489 | Temple   | Reached ** piety under Wu Jian
  2513 | D:5      | Found a hazy altar of Hepliaklqana.
  2650 | D:5      | Reached XP level 6. HP: 46/53 MP: 6/6
  3173 | D:6      | Noticed Prince Ribbit
  3186 | D:6      | Killed Prince Ribbit
  3187 | D:6      | Reached skill level 5 in Stealth
  3297 | D:6      | Your scales start taking on an icy white colour.
  3297 | D:6      | Reached XP level 7. HP: 60/60 MP: 7/7
  3297 | D:6      | Gained mutation: Your flesh is cold resistant. (rC+) [White
                  | Draconian growth]
  3416 | D:6      | Reached skill level 5 in Fighting
  3435 | D:6      | Found a glowing silver altar of Zin.
  3436 | D:6      | Noticed an angel
  3438 | D:6      | Found a shimmering altar of Xom.
  4020 | D:4      | Killed Pikel
  4021 | D:4      | Reached skill level 1 in Spellcasting
  4021 | D:4      | Reached skill level 1 in Transmutations
  4021 | D:4      | Reached XP level 8. HP: 47/70 MP: 7/10
  4140 | D:6      | Reached skill level 5 in Unarmed Combat
  4227 | D:6      | Found a runed translucent door.
  4228 | D:6      | Noticed Crazy Yiuf
  4237 | D:6      | Killed Crazy Yiuf
  4372 | D:7      | Found a runed translucent gate.
  4372 | D:7      | Found a runed translucent gate.
  4372 | D:7      | Found a runed translucent gate.
  4372 | D:7      | Noticed mistaj's ghost (novice TrMo)
  4476 | D:7      | Identified the +6 hand axe of Zapluecw {holy, rPois rC+}
  4510 | D:7      | Reached *** piety under Wu Jian
  4513 | D:7      | Reached XP level 9. HP: 38/75 MP: 11/11
  4885 | D:7      | Noticed a spectral unseen horror
  5039 | D:8      | Noticed a tengu warrior
  5111 | D:8      | Reached skill level 2 in Transmutations
  5121 | D:8      | Noticed a cyclops
  5131 | D:8      | Killed a cyclops
  5132 | D:8      | Reached skill level 3 in Transmutations
  5135 | D:8      | Noticed a manticore
  5143 | D:8      | Noticed a centaur warrior
  5147 | D:8      | Killed a manticore
  5148 | D:8      | Reached skill level 5 in Transmutations
  5150 | D:8      | Noticed a two-headed ogre
  5150 | D:8      | Noticed a cyclops
  5364 | D:9      | Found a broken altar of Ashenzari.
  5374 | D:9      | Paralysed by a hornet for 2 turns
  5381 | D:9      | Reached skill level 6 in Transmutations
  5384 | D:9      | Reached XP level 10. HP: 22/83 MP: 12/12
  5683 | D:9      | Noticed a cyclops
  5701 | D:9      | Learned a level 5 spell: Blade Hands
  5721 | D:9      | Killed a cyclops
  5823 | D:9      | Reached skill level 7 in Transmutations
  5869 | D:9      | Reached skill level 8 in Transmutations
  5959 | D:8      | Killed a centaur warrior
  6269 | D:9      | Noticed a deep elf pyromancer
  6274 | D:9      | Killed a deep elf pyromancer
  6275 | D:9      | Reached skill level 9 in Transmutations
  6625 | D:10     | Entered Level 10 of the Dungeon
  6668 | D:8      | Reached skill level 1 in Evocations
  6814 | D:10     | Found Zyew's Armour Shoppe.
  6869 | D:10     | Noticed a two-headed ogre
  6878 | D:10     | Killed a two-headed ogre
  6879 | D:10     | Reached XP level 11. HP: 73/91 MP: 9/15
  6960 | D:10     | Found a staircase to the Orcish Mines.
  7066 | D:8      | Reached **** piety under Wu Jian
  7361 | D:8      | Killed a tengu warrior
  7362 | D:8      | Reached skill level 10 in Transmutations
  7457 | D:8      | Killed a two-headed ogre
  7591 | D:8      | Found a sacrificial altar of Ru.
  7815 | D:7      | Reached skill level 10 in Unarmed Combat
  7815 | D:7      | Killed mistaj's ghost
  8139 | D:10     | Found a radiant altar of Vehumet.
  8139 | D:10     | Found a glowing golden altar of the Shining One.
  8263 | D:10     | Found Wonyp's Armour Shop.
  8411 | D:10     | Found Alatoc's Antique Armour Shop.
  8530 | D:10     | Reached skill level 5 in Evocations
  8672 | D:10     | Found Duejed's Distillery.
  8675 | D:10     | Bought a potion of degeneration for 15 gold pieces
  8765 | D:11     | Noticed a boulder beetle
  8785 | D:11     | Killed a boulder beetle
  8885 | D:11     | Noticed a boulder beetle
  8909 | D:11     | Killed a boulder beetle
  9043 | D:11     | Noticed a red ugly thing
  9054 | D:11     | Killed a red ugly thing
  9391 | D:11     | Found a staircase to the Lair.
  9393 | D:11     | Noticed an oklob plant
  9404 | D:11     | Killed an oklob plant
  9438 | Lair:1   | Entered Level 1 of the Lair of Beasts
  9438 | Lair:1   | Noticed Harold
  9479 | D:11     | Noticed a deep elf pyromancer
  9481 | D:11     | Killed a deep elf pyromancer
  9482 | D:11     | Reached skill level 11 in Transmutations
  9482 | D:11     | Reached XP level 12. HP: 91/101 MP: 10/16
  9845 | Orc:1    | Entered Level 1 of the Orcish Mines
  9955 | Lair:1   | Killed Harold
 10163 | Lair:1   | Found a runed translucent gate.
 10163 | Lair:1   | Found a runed translucent gate.
 10197 | Lair:1   | Found a runed translucent gate.
 10208 | Lair:1   | Noticed Poahonk's ghost (journeyman TrCK)
 10208 | Lair:1   | Noticed Ischil Seap's ghost (journeyman DsFi)
 10333 | Lair:1   | Reached skill level 12 in Transmutations
 11167 | Lair:2   | Reached skill level 10 in Fighting
 11261 | Lair:2   | Reached ***** piety under Wu Jian
 11379 | Lair:2   | Found a hole to the Spider Nest.
 11615 | Lair:2   | Found a staircase to the Swamp.
 11621 | Lair:2   | Reached skill level 13 in Transmutations
 11621 | Lair:2   | Reached skill level 1 in Translocations
 11842 | Lair:3   | Reached XP level 13. HP: 61/113 MP: 17/20
 11887 | Lair:3   | Reached skill level 5 in Spellcasting
 12343 | Lair:3   | Reached skill level 5 in Translocations
 12541 | Lair:4   | Found a viscous altar of Jiyva.
 12542 | Lair:4   | Found a staircase to the Slime Pits.
 12599 | Lair:4   | Learned a level 2 spell: Blink
 13555 | Lair:1   | Killed Ischil Seap's ghost
 13556 | Lair:1   | Killed Poahonk's ghost
 13559 | Lair:1   | Identified the +7 triple sword of a Billion Quests {drain,
                  | rElec rPois MP-9 SInv}
 14019 | D:11     | Noticed a fire dragon
 14025 | D:11     | Killed a fire dragon
 14026 | D:11     | Noticed an ettin
 14028 | D:11     | Mangled by an ettin

Illustrated notes

Levels and vault maps discovered:
D:1:      psy_arrival_statuary, layout_basic, nicolae_ecumenical_lake_church,
          kennysheep_small_spiral
D:2:      layout_loops_ring
D:3:      layout_basic
D:4:      corexii_shack_village, layout_basic, kennysheep_little_box, uniq_pikel
D:5:      layout_loops_ring, nicolae_hepliaklqana_monster_ancestors,
          nicolae_wooded_promenade
D:6:      layout_rooms, grunt_temple_overflow_order_and_chaos_1,
          uniq_crazy_yiuf_cottage, uniq_prince_ribbit1
D:7:      layout_loops_ring, gammafunk_ghost_necromancy
D:8:      minmay_the_grid_octo_2x2 [minmay_the_grid_octo_fat_diamond,
          minmay_the_grid_octo_77, minmay_the_grid_octo_focus,
          minmay_the_grid_octo_prize_ultimate_mussel_roller], layout_loops_ring,
          nicolae_ru_the_path_less_chosen, kennysheep_crisscross
D:9:      nicolae_hitomezashi [nicolae_hito_row, nicolae_hito_row,
          nicolae_hito_row, nicolae_hito_row, nicolae_hito_row,
          nicolae_hito_row, nicolae_hito_row, nicolae_hito_row,
          nicolae_hito_row, nicolae_hito_row, nicolae_hito_row,
          nicolae_hito_row, nicolae_hito_row, nicolae_hito_row,
          nicolae_hito_row, nicolae_hito_row, nicolae_hito_row,
          nicolae_hito_row], layout_loops_ring, evilmike_ruin_ashenzari,
          st_stairs_3, guppyfry_early_elven_hall
D:10:     layout_long_grid, jmf_multi_god_temple, orc_0_dummy, serial_shops,
          shop, shop, kennysheep_mini_moat, shop
D:11:     minmay_chopped_fan, layout_basic, dpeg_oklobed_lair
Temple:   nicolae_temple_superstar
Lair:1:   layout_roguey, gammafunk_ghost_cemetery, infiniplex_staircase_pool_2,
          uniq_harold
Lair:2:   layout_regular_city, nicolae_swamp_entry_splash_gauntlet,
          spider_nest_entry_a, lemuel_fruit_tree
Lair:3:   layout_gridlike, minivault_25, serial_bayou_lake_a
Lair:4:   layout_regular_city, dpeg_slime_entry_corner,
          nicolae_quartered_pool_little, minmay_shattered_shrine,
          serial_bayou_shore_b, grunt_megastairs_1
Orc:1:    layout_caves, serial_shops, nicolae_shop_competitors_out_of_business,
          nicolae_shop_hallway_stairs, nicolae_shop_hallway_plus

Skill      XL: |  1  2  3  4  5  6  7  8  9 10 11 12 13 |
---------------+----------------------------------------+-----
Stealth        | 2 3 5 6 |  6.0
Dodging        | 3 6 7 8 |  8.1
Fighting       | 4 6 8 10 | 10.7
Unarmed Combat | 4 7 9 10 | 10.1
Spellcasting   | 1 3 4 6 |  6.3
Transmutations | 1 6 9 11 13 | 13.0
Evocations     | 2 6 7 |  7.0
Translocations | 2 8 |  8.3

Action                     |  1- 3 |  4- 6 |  7- 9 | 10-12 | 13-15 || total
---------------------------+-------+-------+-------+-------+-------++-------
  Melee: Unarmed           |   167 |   130 |   274 |   420 |   153 ||  1144
         Tailslap          |    15 |    19 |    51 |    84 |    19 ||   188
         Punch             |       |       |     2 |    28 |    11 ||    41
  Throw: Dart              |       |     1 |       |       |       ||     1
   Cast: Blade Hands       |       |       |       |    49 |    17 ||    66
         Blink             |       |       |       |       |     2 ||     2
 Invoke: Serpent's Lash    |       |       |       |     1 |       ||     1
         Heavenly Storm    |       |       |       |       |     1 ||     1
Ability: Whirlwind         |       |    14 |    52 |   131 |    60 ||   257
         Lunge             |       |     6 |    26 |    54 |    20 ||   106
         Wall Jump         |       |     2 |     7 |    10 |     5 ||    24
         Breathe Frost     |       |       |    20 |    27 |    10 ||    57
  Evoke: Wand              |       |       |       |     3 |     5 ||     8
         Phantom mirror    |       |       |       |       |     1 ||     1
    Use: Scroll            |       |     5 |    11 |     6 |     5 ||    27
         Potion            |       |       |     3 |     3 |     3 ||     9
   Stab: Sleeping          |     3 |     8 |     5 |     4 |     5 ||    25
 Armour: Skin              |    39 |    22 |    90 |    84 |    53 ||   288
  Dodge: Dodged            |    58 |    33 |   116 |   156 |    93 ||   456
  Block: Buckler           |    80 |    49 |   113 |     2 |       ||   244
         Reflection        |     1 |       |     3 |     4 |       ||     8
         Other             |       |       |     3 |    45 |    27 ||    75

Table legend: (Time is in decaauts)
 A = Elapsed time spent in this place.
 B = Non-inter-level travel time spent in this place.
 C = Inter-level travel time spent in this place.
 D = Time resting spent in this place.
 E = Time spent auto-exploring this place.
 F = Levels seen in this place.
 G = Mean time per level.
                   A        B        C        D        E       F      G
               +--------+--------+--------+--------+--------+-----+--------+
         Total |  14063 |  12077 |   1986 |   1143 |   3917 |  17 |  827.2 |
       Dungeon |  10080 |   8550 |   1530 |    410 |   2857 |  11 |  916.4 |
        Temple |     14 |      8 |      6 |      0 |      0 |   1 |   14.0 |
          Lair |   3959 |   3509 |    450 |    733 |   1060 |   4 |  989.8 |
  Orcish Mines |      8 |      8 |      0 |      0 |      0 |   1 |    8.0 |
               +--------+--------+--------+--------+--------+-----+--------+

Top non-repeatable levels by time:
  Lair:1: 1452 daAuts
     D:9: 1408 daAuts
    D:10: 1320 daAuts
     D:8: 1043 daAuts
     D:7: 1041 daAuts
     D:4: 1025 daAuts
  Lair:3: 1000 daAuts
    D:11: 966 daAuts
     D:5: 915 daAuts
  Lair:2: 898 daAuts
     D:2: 698 daAuts
     D:6: 646 daAuts
  Lair:4: 607 daAuts
     D:1: 545 daAuts
     D:3: 469 daAuts
